 Dungeon Crawl Stone Soup version 0.29-a0-219-g0a02b1cf4f (webtiles) character file.

Game seed: 4524782865075687283

578 freelancePsychic the Cutter (level 7, -3/43 HPs)
             Began as a Kobold Wanderer on Feb 25, 2022.
             Splashed by a jelly's acid (11 damage)
             ... on level 3 of the Dungeon.
             The game lasted 00:07:50 (4706 turns).

freelancePsychic the Cutter (Kobold Wanderer)       Turns: 4706, Time: 00:07:51

Health: -3/43      AC:  8    Str: 11    XL:     7   Next: 62%
Magic:  8/8        EV:  9    Int: 14    God:
Gold:   128        SH:  6    Dex: 14    Spells: 8/8 levels left

rFire   . . .      SeeInvis .   e - +1 dagger (vamp)
rCold   . . .      Faith    .   b - +1 buckler
rNeg    . . .      Spirit   .   c - +2 scale mail
rPois   .          Reflect  .   (no helmet)
rElec   .          Harm     .   (no cloak)
rCorr   .          Rampage  .   (no gloves)
Will    .....                   (no boots)
Stlth   ++........              p - amulet of magic regeneration
HPRegen 0.14/turn               (no ring)
MPRegen 0.51/turn               (no ring)

@: no status effects
A: small, no large weapons, nightstalker 3
a: no special abilities


You were on level 3 of the Dungeon.
You visited 1 branch of the dungeon, and saw 4 of its levels.

You collected 128 gold pieces.

Inventory:

Hand Weapons
 a - a +0 dagger
 e - a +1 vampiric dagger (weapon)
Armour
 b - a +1 buckler (worn)
 c - a +2 scale mail (worn)
Jewellery
 p - an amulet of magic regeneration (around neck)
Scrolls
 h - a scroll of brand weapon {unknown}
 k - a scroll of teleportation {@r4}
 l - a scroll of amnesia
 n - a scroll of fog
Potions
 d - a potion of flight
 f - a potion of might {unknown}
 g - 2 potions of brilliance {unknown}
 j - a potion of heal wounds {@q2}


   Skills:
 + Level 4.1 Fighting
 * Level 6.9 Short Blades
 - Level 2.4 Armour
 + Level 4.8 Stealth
 - Level 1.9 Shields
 - Level 1.1 Spellcasting
 - Level 2.0 Transmutations
 - Level 1.2 Evocations


You had 8 spell levels left.
You didn't know any spells.
Your spell library contained the following spells:

 Spells                   Type           Power      Damage    Failure   Level
 Beastly Appendage        Tmut           12%        N/A       69%         1
 Scorch                   Fire           0%         2d5       98%         2
 Spider Form              Tmut/Pois      3%         N/A       99%         3
 Dazzling Flash           Conj/Hex       0%         N/A       100%        3
 Summon Guardian Golem    Hex/Summ       0%         N/A       100%        3
 Flame Wave               Conj/Fire      0%         2d4       100%        4
 Agony                    Necr           0%         N/A       100%        5
 Silence                  Hex/Air        0%         N/A       100%        5
 Summon Cactus Giant      Summ           0%         N/A       100%        6
 Orb of Destruction       Conj           0%         9d5       100%        7
 Spellforged Servitor     Conj/Summ      0%         N/A       100%        7


Dungeon Overview and Level Annotations

Branches:
Dungeon (4/15)
 Temple: D:4-7

Altars:

Annotations:
D:4 Sigmund


Innate Abilities, Weirdness & Mutations

You are small and have problems with some larger weapons.
You are completely attuned to the shadows.


Message History

You are too injured to fight recklessly!
You are too injured to fight recklessly!
You are too injured to fight recklessly!
You are too injured to fight recklessly!
You are too injured to fight recklessly!
You are too injured to fight recklessly!
You are too injured to fight recklessly!
You are too injured to fight recklessly!
You hit the jelly but do no damage. The acid corrodes you!
Your hands burn!
The jelly is heavily wounded.
You completely miss the jelly.
The jelly is heavily wounded.
The jelly hits you. The acid corrodes you!
You are splashed with acid!
A dart slug comes into view.
There is an open door here.
The jelly jiggles.
The jelly jiggles.
There is a stone staircase leading up, spattered with blood here.
The jelly barely misses you.
You climb upwards.
There is a stone staircase leading down, spattered with blood here.
You are no longer corroded.
You hit the jelly.
Your hands burn!
The jelly is heavily wounded.
The jelly hits you but does no damage.
You hit the jelly.
You feel better.
Your hands burn!
The jelly is heavily wounded.
The jelly hits you but does no damage.
You hit the jelly. The acid corrodes you!
Your hands burn!
* * * LOW HITPOINT WARNING * * *
The jelly is severely wounded.
You block the jelly's attack.
You are no longer corroded.
You hit the jelly.
Your hands burn!
* * * LOW HITPOINT WARNING * * *
The jelly is severely wounded.
The jelly hits you.
* * * LOW HITPOINT WARNING * * *
You are splashed with acid!
You die...

#####........##..#......# #<
#............##..#......#########
.............##..#.#'#.........#
#............##..#.#.#########.#
.................#.#.........#.#
.................#.#########.#.##
.................................
####.###########J..###.#####.#.##
#.# #@...##.# #.#.##
#.###########....##.# #.#...
#................##.# #.####
####.#########......##.#####.#...
..###### #......'........#.##
.......# #......#......###...
#.####.# #......#......# #...
..<..#.# #......#......###...
#...##.# ###+#'##............


You could see a jelly.

Vanquished Creatures
  A black bear (D:4)
  2 water moccasin zombies (D:4)
  A wight (D:4)
  A howler monkey (D:3)
  A bullfrog zombie (D:4)
  A hound (D:3)
  A gnoll shaman (D:3)
  Jessica (D:3)
  Ijyb (D:3)
  A hound zombie (D:4)
  A hound skeleton (D:4)
  2 gnolls
  5 adders
  An adder skeleton (D:4)
  A worm (D:2)
  A dart slug (D:1)
  2 bats
  6 endoplasms
  3 giant cockroaches
  3 goblins
  3 hobgoblins
  10 jackals
  5 kobolds
  3 quokkas
  4 ball pythons
  5 frilled lizards
  4 rats
70 creatures vanquished.

Notes
Turn   | Place    | Note
-------+----------+-------------------------------------------
     0 | D:1      | freelancePsychic the Kobold Wanderer began the quest for
                  | the Orb.
     0 | D:1      | freelancePsychic set off with the following items: a +0
                  | dagger, a +0 buckler, a +2 scale mail; and the following
                  | spell memorised: Beastly Appendage; and the following
                  | spells available to memorise: Spider Form
     0 | D:1      | Reached XP level 1. HP: 12/12 MP: 2/2
    35 | D:1      | Reached skill level 1 in Short Blades
    51 | D:1      | Reached XP level 2. HP: 13/16 MP: 3/3
   258 | D:1      | Found a faded altar of an unknown god.
   462 | D:1      | Reached skill level 2 in Short Blades
   723 | D:2      | Reached XP level 3. HP: 20/21 MP: 4/4
   794 | D:2      | You fall into a shaft and drop 2 floors!
  1008 | D:2      | Reached skill level 1 in Stealth
  1148 | D:2      | Reached skill level 3 in Short Blades
  1148 | D:2      | Reached XP level 4. HP: 25/26 MP: 5/5
  1778 | D:3      | Noticed Ijyb
  1785 | D:3      | Paralysed by Ijyb for 5 turns
  1797 | D:3      | Paralysed by Ijyb for 4 turns
  1806 | D:3      | Paralysed by Ijyb for 5 turns
  1818 | D:3      | Paralysed by Ijyb for 2 turns
  1829 | D:3      | Paralysed by Ijyb for 3 turns
  1837 | D:3      | Killed Ijyb
  1838 | D:3      | Reached XP level 5. HP: 11/31 MP: 6/6
  2072 | D:3      | Reached skill level 4 in Short Blades
  2073 | D:3      | Noticed Jessica
  2087 | D:3      | Killed Jessica
  2506 | D:3      | Reached XP level 6. HP: 30/36 MP: 7/7
  2811 | D:4      | Noticed Sigmund
  3244 | D:4      | Reached skill level 5 in Short Blades
  4253 | D:4      | Reached skill level 6 in Short Blades
  4253 | D:4      | Reached XP level 7. HP: 34/42 MP: 8/8
  4706 | D:3      | Splashed by a jelly's acid

Illustrated notes

Levels and vault maps discovered:
D:1:      ebering_trefoil_twist, layout_rooms, basic_ecumenical_altar
D:2:      layout_rooms
D:3:      layout_basic, uniq_jessica, uniq_ijyb
D:4:      layout_gridville, serial_undead, serial_undead_a, serial_undead_d,
          serial_undead_e, serial_undead_c, uniq_sigmund

Skill      XL: |  1  2  3  4  5  6  7 |
---------------+----------------------+-----
Short Blades   | 1 2 3 4 6 |  6.9
Stealth        | 1 2 3 4 |  4.8
Fighting       | 2 3 4 |  4.1
Armour         | |  2.4
Shields        | |  1.9
Spellcasting   | |  1.1
Transmutations | |  2.0
Evocations     | |  1.2

Action                   |  1- 3 |  4- 6 |  7- 9 || total
-------------------------+-------+-------+-------++-------
Melee: Dagger            |   144 |   386 |    88 ||   618
  Use: Scroll            |       |     7 |       ||     7
       Potion            |       |     3 |       ||     3
 Stab: Sleeping          |       |     2 |       ||     2
       Distracted        |       |     1 |     2 ||     3
Armor: Scale mail        |    59 |   133 |    29 ||   221
       Skin              |       |     6 |       ||     6
Dodge: Dodged            |    55 |   119 |    29 ||   203
Block: Buckler           |    24 |    72 |    22 ||   118

Table legend: (Time is in decaauts)
 A = Elapsed time spent in this place.
 B = Non-inter-level travel time spent in this place.
 C = Inter-level travel time spent in this place.
 D = Time resting spent in this place.
 E = Time spent auto-exploring this place.
 F = Levels seen in this place.
 G = Mean time per level.
                   A        B        C        D        E       F      G
               +--------+--------+--------+--------+--------+-----+--------+
         Total |   4624 |   4542 |     82 |    695 |   2772 |   4 | 1156.0 |
       Dungeon |   4624 |   4542 |     82 |    695 |   2772 |   4 | 1156.0 |
               +--------+--------+--------+--------+--------+-----+--------+

Top non-repeatable levels by time:
     D:3: 2016 daAuts
     D:4: 1133 daAuts
     D:2: 759 daAuts
     D:1: 715 daAuts
